 Dungeon Crawl Stone Soup version 0.14-a0-1719-ga7e7698 (webtiles) character file.

347 Psiweapon the Sneak (level 6, 0/38 HPs)
             Began as an Octopode Artificer on Jan 2, 2014.
             Slain by a jackal (1 damage)
             ... on Level 5 of the Dungeon.
             The game lasted 00:14:46 (3464 turns).

Psiweapon the Sneak (Octopode Artificer)            Turns: 3464, Time: 00:14:46

HP   0/38        AC  1     Str 10      XL: 6   Next: 12%
MP   9/9         EV 14     Int 15      God:
Gold 98          SH  0     Dex 14      Spells:  0 memorised,  5 levels left

rFire  . . .     SeeInvis .     h - +0,+1 orc dagger (flame)
rCold  . . .     Clarity  .     (no shield)
rNeg   + . .     Conserve .     (helmet restricted)
rPois  .         rCorr    .     (no amulet)
rElec  .         rRot     .     q - cursed ring of positive energy
SustAb . .       Spirit   .     (no ring)
rMut   .         Warding  .     (no ring)
Saprov . . .     Stasis   .     (no ring)
                                (no ring)
                                (no ring)
                                (no ring)
                                (no ring)

@: slightly resistant to hostile enchantments, very stealthy
A: almost no armour, amphibious, 8 rings, constrict 8, camouflage 1, gelatinous
body 1
a: no special abilities


You were on level 5 of the Dungeon.
You were not hungry.

You visited 1 branch of the dungeon, and saw 5 of its levels.

You collected 98 gold pieces.

Inventory:

Hand weapons
 a - a +0,+0 short sword
 g - a +0,+0 dagger
 h - a +0,+1 orcish dagger of flaming (weapon)
 s - a +0,+0 cutlass
 u - a +2,+3 dwarven dagger of draining
 v - a +2,+1 spear of dragon slaying
Armour
 j - a +0 ring mail
 t - a +0 cloak
Magical devices
 b - a wand of flame (5)
 c - a wand of enslavement (11)
 d - a wand of random effects (15)
Comestibles
 f - 3 bread rations
 n - an apple
 w - a rotting chunk of rat flesh
 z - a chunk of goblin flesh
Scrolls
 i - a scroll of curse weapon {unknown}
 l - 2 scrolls of fear {unknown}
 o - a scroll of blinking {unknown}
 p - a scroll of recharging
 r - a scroll of teleportation
 x - 3 scrolls of identify
Jewellery
 q - a cursed ring of positive energy (left tentacle)
Potions
 e - a potion of restore abilities


   Skills:
 - Level 1.0 Fighting
 - Level 1.0 Short Blades
 + Level 4.6 Dodging
 + Level 6.0 Stealth
 - Level 3.2 Evocations


You had 5 spell levels left.
You didn't know any spells.

Dungeon Overview and Level Annotations

Branches:
Dungeon (5/16)
 Temple: D:4-7

Altars:

Annotations:
D:4 Sigmund


Innate Abilities, Weirdness & Mutations

You cannot wear most types of armour.
You are amphibious.
You can wear up to eight rings at the same time.
You can use your tentacles to constrict many enemies at once.
Your skin changes colour to match your surroundings (Stlth).
Your rubbery body absorbs attacks (AC +1).


Message History

The giant cockroach bites you.
* * * LOW HITPOINT WARNING * * *
The giant cockroach closely misses you. The giant cockroach closely misses you.
The jackal misses you. The jackal misses you.
There is a stone staircase leading down here.
The giant cockroach bites you.
* * * LOW HITPOINT WARNING * * *
The jackal barely misses you.
You climb downwards.
Found a scroll labeled CLAACZ ATYV and 8 gold pieces.
Found a stone staircase leading down.
There is a stone staircase leading up here.
You closely miss the jackal. Your grab misses the jackal.
The giant cockroach bites you.
* * * LOW HITPOINT WARNING * * *
The jackal barely misses you. The giant cockroach barely misses you.
You hit the jackal but do no damage. Your grab misses the jackal.
The jackal bites you.
You die...

#### ###
.....######...#
..$.....s....>...
#...@..# #...h.##
#..#.## ##.... #
.## #. #. #. .


You could see a jackal and a giant cockroach.

Vanquished Creatures
  A phantom (D:4)
  2 orc wizards (D:3)
  An orc priest (D:3)
  4 adders
  2 gnolls (D:3)
  2 worms (D:3)
  3 oozes
  4 orcs
  A ball python (D:3)
  14 goblins
  9 hobgoblins
  3 jackals (D:3)
  8 kobolds
  5 bats
  A giant cockroach (D:3)
  2 giant geckos
  5 giant newts
  8 rats
75 creatures vanquished.

Vanquished Creatures (collateral kills)
  A giant mite (D:3)
  A giant newt (D:3)
  A goblin (D:3)
3 creatures vanquished.

Grand Total: 78 creatures vanquished

Notes
Turn   | Place    | Note
--------------------------------------------------------------
     0 | D:1      | Psiweapon, the Octopode Artificer, began the quest for the Orb.
     0 | D:1      | Reached XP level 1. HP: 13/13 MP: 1/1
   150 | D:1      | Reached XP level 2. HP: 8/18 MP: 3/3
   892 | D:2      | Reached XP level 3. HP: 17/23 MP: 4/4
  2184 | D:3      | Reached skill level 4 in Stealth
  2184 | D:3      | Reached XP level 4. HP: 28/28 MP: 6/6
  2514 | D:3      | Reached XP level 5. HP: 27/33 MP: 7/7
  2520 | D:3      | Reached skill level 5 in Stealth
  3330 | D:4      | Noticed Sigmund
  3334 | D:5      | Entered Level 5 of the Dungeon
  3334 | D:5      | Noticed a phantom
  3384 | D:4      | Noticed an ogre
  3438 | D:4      | a phantom (ally) was killed
  3438 | D:4      | Reached skill level 6 in Stealth
  3438 | D:4      | Reached XP level 6. HP: 6/38 MP: 9/9
  3463 | D:5      | HP: 1/38 [giant cockroach (2)]
  3464 | D:5      | Slain by a jackal

Action                   |  1- 3 |  4- 6 || total
-------------------------+-------+-------++-------
Melee: Dagger            |    79 |    67 ||   146
       Short sword       |     3 |       ||     3
Throw: Dart              |    15 |    28 ||    43
Evoke: Wand              |     1 |    13 ||    14
  Use: Scroll            |       |     4 ||     4
       Potion            |       |     4 ||     4
 Stab: Sleeping          |     8 |     7 ||    15
       Distracted        |       |     1 ||     1
